cohdb
Replays
Latest Replays
All Replays
Popular Replays
Top Player Replays
Match Explorer
How It Works
Community
CoH3 Stats
Reddit
Sign in to upload your games and track your stats! →
Sign in with Steam
Match 45449166
Unlisted
Match 45449166
Overview
Messages
Build Orders
End
Selects Special Operations Battlegroup
Selects Special Operations Battlegroup
Selects M29 Weasel Recon Vehicle
M29 Weasel Recon Vehicle
Construct Barracks
Riflemen Squad
Riflemen Squad
Infantry Support Center
Riflemen Squad
Grenade Package
Construct Weapon Support Center
M3 Armored Personnel Carrier
Captain Retinue
M1918 Browning Automatic Rifles
Scout Squad
Selects P-47 Anti-Infantry Loiter
Selects UNKNOWN (2162291)
Engineer Squad
M3 Armored Personnel Carrier
Selects Smoke Screen
Bazooka Squad
Smoke Screen
Selects SSF Commando Squad
Demolitions Package
Construct Motor Pool
Construct Tank Depot
Selects Assault Operation
SSF Commando Squad
P-47 Anti-Infantry Loiter
Smoke Screen
SSF Commando Squad
STALKER4732
Devochkin
SKID_rOW #GhostDivisionPOLSKA!
Majkel
0
0
Comments
sign in to comment!
No comments posted yet!